 Dungeon Sprint DCSS version 0.24-a0-459-g225fefd530 (webtiles) character file.

Game seed: 4516552251686141450

83 epen the Slasher (level 4, -3/35 HPs)
             Began as a Demonspawn Gladiator on June 29, 2019.
             Splashed by an oklob sapling priest's acid (7 damage)
             ... in the Dungeon (Sprint IV: "Fedhas' Mad Dash").
             The game lasted 00:00:58 (599 turns).

epen the Slasher (Demonspawn Gladiator)              Turns: 599, Time: 00:00:59

Health: -3/35      AC:  0    Str: 14    XL:     4   Next: 22%
Magic:  3/4        EV: 15    Int:  9    God:
Gold:   51         SH:  0    Dex: 16    Spells: 3/3 levels left

rFire    . . .     SeeInvis .   a - +0 long sword
rCold    . . .     Gourm    .   (no shield)
rNeg     . . .     Faith    .   b - +0 leather armour
rPois    .         Spirit   .   c - +0 helmet
rElec    .         Reflect  .   (no cloak)
rCorr    .         Harm     .   (no gloves)
MR       .....     NoTele   +   (no boots)
Stlth    +.........             e - amulet of invisibility {+Inv}
HPRegen  0.11/turn              (no ring)
MPRegen  0.09/turn              (no ring)

@: corroded, very slightly contaminated, invisible (expiring)
A: talons 1
a: no special abilities


You were in the Dungeon.
You were not hungry.

You visited 1 branch You collected 51 gold pieces.

Inventory:

Hand Weapons
 a - a +0 long sword (weapon)
Missiles
 d - 3 throwing nets (quivered)
Armour
 b - a +0 leather armour (worn)
 c - a +0 helmet (worn)
Jewellery
 e - the amulet of invisibility (around neck) {+Inv}
   (You found it in the Dungeon)

   [amulet of nothing]

   It lets you turn invisible.
Scrolls
 k - a scroll of blinking
Potions
 g - a potion of heal wounds
 h - a potion of haste
 i - 2 potions of magic
 j - a potion of berserk rage
Comestibles
 f - a ration


   Skills:
 + Level 3.2 Fighting
 + Level 5.8 Long Blades
 + Level 2.8 Throwing
 + Level 0.2 Armour
 + Level 5.1 Dodging


You had 3 spell levels left.
You didn't know any spells.
Your spell library was empty.

Dungeon Overview and Level Annotations

Branches:
Dungeon (1/1)

Altars:
Cheibriados
Dithmenos
Elyvilon
Gozag
Hepliaklqana
Kikubaaqudgha
Makhleb
Nemelex Xobeh
Okawaru
Qazlal
Ru
Sif Muna
Trog
Uskayaw
Vehumet
Wu Jian
Xom
Yredelemnul
Zin
The Shining One
Beogh
Jiyva
Lugonu

Annotations:
D exclusion: oklob sapling


Innate Abilities, Weirdness & Mutations

You have sharp toenails.


Message History

The oklob sapling priest is heavily damaged.
You completely miss the oklob sapling priest.
You claw the oklob sapling priest, but do no damage.
The oklob sapling priest is heavily damaged.
You flicker for a moment.
The oklob sapling priest spits acid at something.
There is a sparkling altar of Nemelex Xobeh here.
You completely miss the oklob sapling priest.
You claw the oklob sapling priest, but do no damage.
The oklob sapling priest is heavily damaged.
You hit the oklob sapling priest but do no damage.
The oklob sapling priest is heavily damaged.
You catch the helpless oklob sapling priest completely off-guard!
You hit the oklob sapling priest but do no damage.
The oklob sapling priest is heavily damaged.
The oklob sapling priest spits acid at you.
The splash of acid hits you!
* * * LOW HITPOINT WARNING * * *
You are splashed with acid!
You die...

########################
....#.....#.⌠._._._._.⌠.
....'.#((.'.._._._._._..
....#.#...#..._.@P_._...
########'##.._._._._._..
+...#._._._._._.⌠.
#...############## #####


You could see an oklob sapling priest.

Vanquished Creatures
  2 oklob saplings (D)
  A worker ant (D)
  A river rat (D)
  A rat (D)
5 creatures vanquished.

Notes
Turn   | Place    | Note
-------+----------+-------------------------------------------
     0 | D        | epen the Demonspawn Gladiator began the quest for the Orb.
     0 | D        | Reached XP level 1. HP: 16/16 MP: 1/1
    12 | D        | Gained mutation: You have sharp toenails. [demonic
                  | ancestry]
    12 | D        | Reached XP level 2. HP: 20/22 MP: 2/2
    41 | D        | Noticed an oklob sapling
    46 | D        | Killed an oklob sapling
    46 | D        | Reached XP level 3. HP: 28/28 MP: 3/3
    49 | D        | Found the amulet of invisibility {+Inv}
    55 | D        | Reached skill level 5 in Long Blades
   302 | D        | Noticed an oklob sapling
   308 | D        | Killed an oklob sapling
   308 | D        | Reached skill level 5 in Dodging
   308 | D        | Reached XP level 4. HP: 16/35 MP: 4/4
   476 | D        | Found an opulent altar of Gozag.
   476 | D        | Found a hazy altar of Hepliaklqana.
   476 | D        | Found a roughly hewn altar of Beogh.
   476 | D        | Found a snail-covered altar of Cheibriados.
   477 | D        | Found a viscous altar of Jiyva.
   477 | D        | Found a burning altar of Makhleb.
   477 | D        | Found a sparkling altar of Nemelex Xobeh.
   477 | D        | Found a sacrificial altar of Ru.
   477 | D        | Found a deep blue altar of Sif Muna.
   477 | D        | Found a bloodstained altar of Trog.
   477 | D        | Found an ornate altar of the Wu Jian Council.
   477 | D        | Found a shimmering altar of Xom.
   477 | D        | Found a basalt altar of Yredelemnul.
   586 | D        | Found an iron altar of Okawaru.
   586 | D        | Found a shadowy altar of Dithmenos.
   586 | D        | Found a glowing silver altar of Zin.
   587 | D        | Found an ancient bone altar of Kikubaaqudgha.
   587 | D        | Found a hide-covered altar of Uskayaw.
   588 | D        | Found a stormy altar of Qazlal.
   588 | D        | Found a white marble altar of Elyvilon.
   588 | D        | Found a glowing golden altar of the Shining One.
   589 | D        | Found a corrupted altar of Lugonu.
   589 | D        | Found a radiant altar of Vehumet.
   599 | D        | Splashed by an oklob sapling priest's acid

Levels and vault maps discovered:
D:        dungeon_sprint_fedhas [sprint_temple]

Skill      XL: |  1  2  3 |
---------------+----------+-----
Long Blades    | 3 4 5 |  5.8
Throwing       | 2 |  2.8
Dodging        | 3 4 5 |  5.1
Fighting       | 3 |  3.2
Armour         | |  0.2

Action                   |  1- 3 |  4- 6 || total
-------------------------+-------+-------++-------
Melee: Long sword        |    19 |     7 ||    26
       Kick              |     5 |     4 ||     9
 Abil: Evoke Invisibilit |       |     1 ||     1
  Use: Potion            |     1 |       ||     1
 Stab: Invisible         |       |     1 ||     1
Armor: Leather armour    |     2 |       ||     2
Dodge: Dodged            |    10 |     1 ||    11
       Rpst.: Long sword |     4 |       ||     4

Table legend:
 A = Non-vault XP
 B = Vault XP
 C = Vault XP percentage of total XP
 D = Non-vault monster count
 E = Vault monster count
 F = Vault count percentage of total count
                 A         B        C        D         E       F
            +---------+---------+-------+---------+---------+-------
      Total |       0 |     119 | 100.0 |       0 |       5 | 100.0
            +---------+---------+-------+---------+---------+-------
          D |       0 |     119 | 100.0 |       0 |       5 | 100.0
            +---------+---------+-------+---------+---------+-------
